Map: Arctic Dream LE

Players

ZergPlayer

  • Race: Protoss Protoss
  • League: Diamond
  • Spawn Location: 5:00

iöi

  • Race: Protoss Protoss
  • League: Diamond
  • Spawn Location: 6:00

qqq - Winner!

  • Race: Zerg Zerg
  • Spawn Location: 11:00

Massa - Winner!

  • Race: Terran Terran
  • League: Gold
  • Spawn Location: 12:00

VOD

Have the link to the VOD?

Description

Time

  • Played on: June 22, 2020, 2:17 p.m.
  • Length: 1:54
Show
View Real Time Build Order
Export as new Build Order

ZergPlayer Protoss 

Build Orders:  

Get SALT Encoding   

  1  0:00  Probe  
  13  0:13  Pylon  
  13  0:14  Probe  
  14  0:27  Probe  
  15  0:35  Forge  
  15  0:45  Probe  
  16  1:02  Pylon  
  16  1:07  Probe, Pylon  
  17  1:17  Pylon  
  16  1:19  Probe  
  16  1:23  Photon Cannon  
  17  1:29  Photon Cannon  
  17  1:42  Probe  
Show
View Real Time Build Order
Export as new Build Order

iöi Protoss 

Build Orders:  

Get SALT Encoding   

  12  0:01  Probe  
  13  0:13  Probe  
  14  0:21  Pylon  
  14  0:25  Probe  
  15  0:39  Probe  
  15  0:40  Forge  
  16  0:51  Probe  
  17  1:06  Pylon  
  16  1:30  Pylon  
  16  1:33  Pylon  
  16  1:34  Pylon  
  16  1:35  Pylon  
  16  1:36  Pylon  
  16  1:40  Pylon  
Show
View Real Time Build Order
Export as new Build Order

qqq Zerg - Winner!

Build Orders: Hatch First 

Get SALT Encoding   

  12  0:02  Drone  
  13  0:09  Drone  
  14  0:35  Hatchery  
  13  0:50  Spawning Pool  
  12  1:01  Overlord  
  12  1:03  Drone  
  13  1:29  Drone  
Show
View Real Time Build Order
Export as new Build Order

Massa Terran - Winner!

Build Orders:  

Get SALT Encoding   

  12  0:11  Supply Depot  
  12  0:14  SCV  
  13  0:26  SCV  
  14  0:34  Barracks  
  14  0:44  Supply Depot  
  14  0:47  SCV  
  15  0:59  SCV  
  16  1:11  SCV  
  16  1:15  Refinery  
  17  1:23  Marine  
Tags
 
Add a new tag
Caveats
  • Supply blocks, unpowered buildings, or Contaminate may cause inaccurate times.
  • Supply counts are checked every 10 seconds.